 Dungeon Crawl Stone Soup version 0.18-a0-1788-g92de1ac (webtiles) character file.

393 Proton the Shield-Bearer (level 6, -2/39 HPs)
             Began as a Gargoyle Fighter on Apr 21, 2016.
             Was a Follower of Okawaru.
             Killed by divine providence
             ... invoked by an orc priest
              (14 damage)
             ... on level 3 of the Dungeon.
             The game lasted 00:08:49 (2695 turns).

Proton the Shield-Bearer (Gargoyle Fighter)         Turns: 2695, Time: 00:08:50

Health: -2/39      AC: 18    Str: 21    XL:     6   Next: 81%
Magic:  6/6        EV:  7    Int:  9    God:    Okawaru [*.....]
Gold:   254        SH: 15    Dex:  9    Spells: 0 memorised, 5 levels left

rFire  . . .     SeeInvis +     D - +0 morningstar
rCold  . . .     Gourm    .     k - +3 ring mail
rNeg   + . .     Faith    .     b - +0 large shield
rPois  ∞         Spirit   .     j - +0 hat
rElec  +         Dismiss  .     y - +1 cloak
rCorr  .         Reflect  .     t - +0 pair of gloves
SustAt .         Harm     .     p - +1 pair of boots
MR     .....                    A - amulet of inaccuracy (curse)
Stlth  ..........               (no ring)
                                o - ring of see invisible

@: not resistant to hostile enchantments, extremely unstealthy
A: negative energy resistance 1, electricity resistance, unbreathing,
petrification resistance, rot immunity, AC +4
a: Heroism, Renounce Religion


You were on level 3 of the Dungeon.
You worshipped Okawaru.
Okawaru was aware of your devotion.
You were not hungry.

You visited 1 branch of the dungeon, and saw 4 of its levels.

You collected 254 gold pieces.

Inventory:

Hand Weapons
 D - a +0 morningstar (weapon)
Armour
 b - a +0 large shield (worn)
 j - a +0 hat (worn)
 k - a +3 ring mail (worn)
 p - a +1 pair of boots (worn)
 t - a +0 pair of gloves (worn)
 y - a +1 cloak (worn)
Jewellery
 c - an uncursed amulet of the gourmand
 o - a ring of see invisible (left hand)
 A - a cursed amulet of inaccuracy (around neck)
Wands
 v - a wand of digging (11/24)
 B - a wand of acid (4/15)
Scrolls
 g - a scroll of blinking {unknown}
 h - 2 scrolls of immolation {unknown}
 i - a scroll of remove curse {unknown}
 l - 2 scrolls of teleportation {unknown}
 n - 2 scrolls of enchant armour {unknown}
 r - a scroll of fear {unknown}
Potions
 d - a potion of might
 e - a potion of flight {unknown}
 m - a potion of curing {unknown}
 q - a potion of magic
 s - 2 potions of cure mutation
 w - 3 potions of haste
 x - a potion of agility
Comestibles
 f - 3 bread rations
 u - 3 meat rations
 z - a royal jelly
 C - 3 chunks of flesh


   Skills:
 + Level 4.3 Fighting
 + Level 3.4 Maces & Flails
 + Level 4.3 Armour
 + Level 1.9 Dodging
 * Level 5.4 Shields
 + Level 0.2 Invocations


You had 5 spell levels left.
You didn't know any spells.

Dungeon Overview and Level Annotations

Branches:
Dungeon (4/15)
 Temple: D:4-7

Altars:
Cheibriados
Okawaru
Ru


Innate Abilities, Weirdness & Mutations

You are resistant to torment.
Your stone body is resilient (AC +4).
You are immune to poison.
You resist negative energy.
You are resistant to electric shocks.
You can survive without breathing.
You are immune to petrification.
You are immune to rotting.


Message History

* * * LOW HITPOINT WARNING * * *
You miss the orc priest. You block the orc priest's attack.
You hit the orc priest.
The orc priest is lightly wounded.
The orc priest hits you but does no damage.
You barely miss the orc priest.
The orc priest is lightly wounded.
You block the orc priest's attack.
You barely miss the orc priest.
The orc priest is lightly wounded.
The orc priest casts a cantrip, but nothing happens.
The orc priest closely misses you.
You hit the orc priest.
The orc priest is heavily wounded.
The orc priest miscasts a cantrip.
You closely miss the orc priest.
The orc priest is heavily wounded.
The orc priest mumbles some strange prayers to Beogh against you.
Beogh smites you!
You die...

############
#..........##################
###.########.#.................
#..............#########..#####
#.#.########.### #..# ### #.#.#
#......# #..# #.' #.#.#
#.###..# #..###.' #.#.# #.#
#.)##########......# #.#.# #.#
#.÷@o.......##.#.###
#.#.####.###.#########.##....##
#..........#.# #<##.#)#.#
###..........### #.#.##.##.
####.<.......# #.....÷...
#.....###.# ###.##.##. #.(...#
#.# #####.#)#.# ##.#### #.#
#......#).# #.#
#.######.#####.#.#


You could see an orc priest.

Vanquished Creatures
  Grinder (D:3)
  An orc wizard (D:3)
  A worker ant (D:3)
  A howler monkey skeleton (D:3)
  5 adders
  2 worms (D:2)
  2 dart slugs
  5 giant geckos
  11 orcs (D:3)
  6 bats
  5 goblins
  9 hobgoblins
  2 quokkas
  2 ball pythons
  4 giant newts
  5 kobolds
  A quokka skeleton (D:4)
  6 rats
69 creatures vanquished.

Notes
Turn   | Place    | Note
--------------------------------------------------------------
     0 | D:1      | Proton the Gargoyle Fighter began the quest for the Orb.
     0 | D:1      | Reached XP level 1. HP: 14/14 MP: 1/1
   229 | D:1      | Reached XP level 2. HP: 19/19 MP: 2/2
   756 | D:2      | Reached XP level 3. HP: 23/23 MP: 3/3
   819 | D:2      | Found an iron altar of Okawaru.
   834 | D:2      | Became a worshipper of Warmaster Okawaru
   879 | D:2      | Found a sacrificial altar of Ru.
   892 | D:2      | Reached skill level 1 in Dodging
  1401 | D:3      | Reached skill level 4 in Shields
  1490 | D:3      | Reached XP level 4. HP: 17/29 MP: 4/4
  1679 | D:3      | Reached XP level 5. HP: 33/33 MP: 5/5
  1712 | D:3      | Reached * piety under Okawaru
  1736 | D:3      | Noticed Grinder
  1736 | D:3      | Paralysed by Grinder for 3 turns
  1802 | D:3      | Killed Grinder
  1802 | D:3      | Reached skill level 5 in Shields
  1802 | D:3      | Reached XP level 6. HP: 29/38 MP: 6/6
  2105 | D:3      | Found a faded altar to an unknown god.
  2156 | D:3      | Found a sacrificial altar of Ru.
  2429 | D:4      | Found a snail-covered altar of Cheibriados.
  2695 | D:3      | Killed from afar by an orc priest

Vault maps used:
D:1:      eino_arrival_cavern_a
D:2:      old_standard_altar, minivault_24, minmay_misc_feat_pillars,
          nicolae_ru_sacrificial_ziggurat
D:3:      marbit_many_paths, ecumenical_altar_1, kennysheep_generic_room_3,
          uniq_grinder
D:4:      grunt_temple_overflow_champion_of_chaos, tgw_trog, lemuel_round_altar,
          gammafunk_temple_overflow_elements, first_bread, uniq_duvessa,
          uniq_menkaure

Skill      XL: |  1  2  3  4  5 |
---------------+----------------+-----
Dodging        | 1 |  1.9
Shields        | 4 5 |  5.4
Fighting       | 4 |  4.3
Maces & Flails | 3 |  3.4
Armour         | 4 |  4.3
Invocations    | |  0.2

Action                   |  1- 3 |  4- 6 || total
-------------------------+-------+-------++-------
Melee: Flail             |   150 |   183 ||   333
       Morningstar       |       |    13 ||    13
  Use: Scroll            |       |     4 ||     4
  Eat: Royal jelly       |     1 |       ||     1
       Chunk             |       |     7 ||     7
Armor: Scale mail        |    11 |       ||    11
       Ring mail         |    53 |    78 ||   131
Dodge: Dodged            |    42 |    30 ||    72
Block: Shield            |    16 |       ||    16
       Large shield      |   113 |   160 ||   273
